 Dungeon Crawl Stone Soup version 0.29-a0-111-gbaf749a769 (webtiles) character file.

Game seed: 199189235608790536

86 esteth the Fighter (level 4, -11/72 HPs)
             Began as a Gnoll Wanderer on Feb 17, 2022.
             Mangled by an orc wizard (21 damage)
             ... on level 3 of the Dungeon.
             The game lasted 00:03:07 (1545 turns).

esteth the Fighter (Gnoll Wanderer)                 Turns: 1545, Time: 00:03:08

Health: -11/72     AC: 22    Str: 11    XL:     4   Next: 50%
Magic:  5/5        EV:  2    Int: 11    God:
Gold:   100        SH:  0    Dex: 14    Spells: 5/5 levels left

rFire   . . .      SeeInvis .   a - +3 dagger
rCold   . . .      Faith    .   (no shield)
rNeg    . . .      Spirit   .   (armour currently unavailable)
rPois   +          Reflect  .   (helmet currently unavailable)
rElec   .          Harm     .   (cloak currently unavailable)
rCorr   .          Rampage  .   (gloves currently unavailable)
Will    .....      NoTele   +   (boots currently unavailable)
Stlth   +++.......              (no amulet)
HPRegen 0.22/turn               E - +4 ring of evasion
MPRegen 0.09/turn               (no ring)

@: mighty, tree-form
A: stationary, stasis, torment immunity, boosted hp, (fangs 1), strong nose,
distributed training
a: no special abilities


You were on level 3 of the Dungeon.
You were a tree.
You visited 1 branch of the dungeon, and saw 3 of its levels.

You collected 100 gold pieces.


Innate Abilities, Weirdness & Mutations

You are a tree.
Your roots penetrate the ground, keeping you stationary.
You cannot be teleported.
You are immune to unholy pain and torment.
Your maximum health is greatly increased.
Your equipment is partially melded.
((You have very sharp teeth.))
Your uncanny sense of smell can sniff out nearby items.
Your experience applies equally to all skills.


   Skills:
 + Level 10.4 Fighting
 + Level 1.1 Short Blades
 + Level 1.1 Long Blades
 + Level 1.1 Axes
 + Level 1.1 Maces & Flails
 + Level 1.1 Polearms
 + Level 1.1 Staves
 + Level 1.1 Slings
 + Level 4.6 Bows
 + Level 1.1 Crossbows
 + Level 1.1 Throwing
 + Level 1.1 Armour
 + Level 1.1 Dodging
 + Level 6.0 Stealth
 + Level 1.1 Shields
 + Level 1.1 Unarmed Combat
 + Level 1.1 Spellcasting
 + Level 0.9 Conjurations
 + Level 0.9 Hexes
 + Level 0.9 Summonings
 + Level 0.9 Necromancy
 + Level 0.9 Translocations
 + Level 0.9 Transmutations
 + Level 0.9 Fire Magic
 + Level 0.9 Ice Magic
 + Level 0.9 Air Magic
 + Level 0.9 Earth Magic
 + Level 0.9 Poison Magic
 + Level 1.2 Invocations
 + Level 1.1 Evocations


You had 5 spell levels left.
You didn't know any spells.
Your spell library contained the following spells:

 Spells                   Type           Power      Damage    Failure   Level
 Gell's Gravitas          Tloc           2%         N/A       54%         3
 Lesser Beckoning         Tloc           2%         N/A       54%         3
 Teleport Other           Tloc           2%         N/A       54%         3

Inventory:

Hand Weapons
 a - a +3 dagger (weapon)
 c - a +0 shortbow
Missiles
 d - 52 arrows
 g - 69 stones (quivered)
 h - 21 bolts
 q - 15 sling bullets
Armour
 e - a +0 leather armour (melded)
 n - a +0 pair of boots (melded)
   (You found it on level 2 of the Dungeon)
 o - a +0 pair of gloves (melded)
   (You found it on level 2 of the Dungeon)
Jewellery
 E - a +4 ring of evasion (left branch)
   (You found it on level 1 of the Dungeon)
Scrolls
 j - a scroll of teleportation {unknown}
 k - a scroll of enchant weapon {unknown}
 m - a scroll of identify {unknown}
 p - a scroll of blinking {unknown}
Potions
 l - a potion of magic

Dungeon Overview and Level Annotations

Branches:
Dungeon (3/15)

Altars:

Shops:
D:2

= #. ### #.##.. ..#.# #.#.#
#.#.# .#####...# ∆
......){♣# ..#
#.####o####..# #......o..#
####+##.##.###.##
......#.....##.#
........##..##.######
.......[<#..##.##...#######
........##........#........
#####.......>..........#...


You could see an orc priest.


Message History

q - 15 sling bullets You see here a frilled lizard corpse.
An orc priest comes into view. It is wielding a +0 hand axe.
The orc priest moves out of view.
No target in view!
No target in view!
An orc priest is nearby!
An orc comes into view. It is wielding a +0 dagger.
You closely miss the orc.
The orc priest shouts!
You bite the orc, but do no damage. The orc misses you.
You hit the orc. The orc hits you but does no damage.
You hit the orc.
You kill the orc!
The orc priest closely misses you.
An orc priest comes into view. It is wielding a +0 club.
You have reached level 4!
You feel agile. 😎 HP[+6] MP[+1]
You now have 48 max hp (+6).
Your hp is fully restored (48).
Your mp is fully restored (5).
The orc priest hits you with a +0 hand axe. 😕 HP[-2]
You take 2 damage, and now have 46/48 hp.
You hit the orc priest.
The orc priest miscasts a cantrip.
You hit the orc priest. The orc priest closely misses you.
You closely miss the orc priest. Your bite misses the orc priest.
The orc priest barely misses you.
You hit the orc priest but do no damage.
The orc priest hits you with a +0 hand axe. 😕 HP[-4]
You take 4 damage, and now have 42/48 hp.
You hit the orc priest.
The orc priest closely misses you. 😕 HP[+1]
You hit the orc priest. Your punch misses the orc priest.
The orc priest closely misses you.
You barely miss the orc priest.
The orc priest calls down the wrath of Beogh upon you.
Beogh smites you!
You hear a shout! x2 😮 HP[-15]
You take 15 damage, and now have 28/48 hp.
MASSIVE DAMAGE!! (PAUSE)
You barely miss the orc priest.
An orc wizard comes into view.
It is wielding a +0 dagger of distortion.
The orc priest barely misses you.
You hit the orc priest.
You kill the orc priest!
The orc wizard barely misses you.
You hit the orc wizard.
The orc wizard hits you but does no damage.
Space warps horribly around you!!
* * * LOW HITPOINT WARNING * * *
😱 HP[-18]
You take 18 damage, and now have 10/48 hp.
MASSIVE DAMAGE!! (PAUSE) It was a potion of magic.
Magic courses through your body.
It was a potion of lignification.
You turn into a tree.
Your +0 pair of gloves melds into your body.
Your +0 pair of boots melds into your body.
Your +0 leather armour melds into your body.
Your roots penetrate the ground.
The orc wizard points at you and mumbles some strange words.
The puff of flame hits you but does no damage.
The orc priest hits you but does no damage. 😱 HP[+6]
You now have 72 max hp (+24).
You regained 6 hp, and now have 16/72 hp.
It was a potion of curing.
You feel better.
The orc wizard hits you but does no damage.
Space warps around you!
* * * LOW HITPOINT WARNING * * *
The orc priest hits you but does no damage.
You feel very mighty all of a sudden.
The orc wizard hits you but does no damage.
The orc priest completely misses you. 😱 HP[+1]
You barely miss the orc priest.
The orc wizard hits you but does no damage.
Space warps around you.
* * * LOW HITPOINT WARNING * * *
The orc priest hits you but does no damage. 😱 HP[-6]
You take 6 damage, and now have 11/72 hp.
You puncture the orc wizard!
The orc wizard mumbles some strange words.
The orc wizard flickers and vanishes!
Deactivating autopickup; reactivate with Ctrl-A.
The orc priest hits you with a +0 club.
* * * LOW HITPOINT WARNING * * *
😱 HP[-1]
You take 1 damage, and now have 10/72 hp.
You cannot move.
You closely miss the orc priest. Something hits you but does no damage.
You puncture the orc priest!
The orc priest looks braver for a moment.
Something hits you but does no damage. Space warps horribly around you!!
You die...

Skill      XL: |  1  2  3 |
---------------+----------+-----
Fighting       | | 10.4
Stealth        | 6 |  6.0
Invocations    | 1 |  1.2
Short Blades   | 1 |  1.1
Long Blades    | 1 |  1.1
Axes           | 1 |  1.1
Maces & Flails | 1 |  1.1
Polearms       | 1 |  1.1
Staves         | 1 |  1.1
Slings         | 1 |  1.1
Crossbows      | 1 |  1.1
Throwing       | 1 |  1.1
Armour         | 1 |  1.1
Dodging        | 1 |  1.1
Shields        | 1 |  1.1
Unarmed Combat | 1 |  1.1
Spellcasting   | 1 |  1.1
Evocations     | 1 |  1.1
Bows           | |  4.6
Conjurations   | |  0.9
Hexes          | |  0.9
Summonings     | |  0.9
Necromancy     | |  0.9
Translocations | |  0.9
Transmutations | |  0.9
Fire Magic     | |  0.9
Ice Magic      | |  0.9
Air Magic      | |  0.9
Earth Magic    | |  0.9
Poison Magic   | |  0.9

Action                   |  1- 3 |  4- 6 || total
-------------------------+-------+-------++-------
Melee: Dagger            |    79 |    14 ||    93
       Bite              |     7 |       ||     7
  Use: Potion            |       |     4 ||     4
 Stab: Sleeping          |    14 |       ||    14
Armor: Leather armour    |    14 |     1 ||    15
       Skin              |       |     9 ||     9
Dodge: Dodged            |    37 |     7 ||    44

Levels and vault maps discovered:
D:1:      saegor_arrival_simple_e, layout_basic, minmay_misc_feat_secret_circle
D:2:      wad_pebble_path, layout_basic, serial_shops, nicolae_shop_behind_doors
D:3:      minmay_evil_eye, layout_basic, shapermc_ecumenical_altar_ellora,
          minmay_misc_feat_four_crosses

Notes
Turn   | Place    | Note
-------+----------+-------------------------------------------
     0 | D:1      | Reached skill level 10 in Fighting
     0 | D:1      | esteth the Gnoll Wanderer began the quest for the Orb.
     0 | D:1      | esteth set off with the following items: a +3 dagger, a
                  | potion of might, a +0 shortbow, 22 arrows, a +0 leather
                  | armour
     0 | D:1      | Reached XP level 1. HP: 29/29 MP: 1/1
     0 | D:1      | magus.rc [v1.11.3]
   105 | D:1      | Reached XP level 2. HP: 36/36 MP: 2/2
   664 | D:1      | Reached XP level 3. HP: 42/42 MP: 3/3
   917 | D:2      | Reached skill level 6 in Stealth
   917 | D:2      | Reached skill level 1 in Invocations
  1092 | D:2      | You pick up a book of Displacement and begin reading...
  1092 | D:2      | You add the spells Lesser Beckoning, Gell's Gravitas and
                  | Teleport Other to your library.
  1178 | D:2      | Found Pieff's Jewellery Shoppe.
  1219 | D:2      | Reached skill level 1 in Short Blades
  1219 | D:2      | Reached skill level 1 in Long Blades
  1219 | D:2      | Reached skill level 1 in Axes
  1219 | D:2      | Reached skill level 1 in Maces & Flails
  1219 | D:2      | Reached skill level 1 in Polearms
  1219 | D:2      | Reached skill level 1 in Staves
  1219 | D:2      | Reached skill level 1 in Slings
  1219 | D:2      | Reached skill level 1 in Crossbows
  1219 | D:2      | Reached skill level 1 in Throwing
  1219 | D:2      | Reached skill level 1 in Armour
  1219 | D:2      | Reached skill level 1 in Dodging
  1219 | D:2      | Reached skill level 1 in Shields
  1219 | D:2      | Reached skill level 1 in Unarmed Combat
  1219 | D:2      | Reached skill level 1 in Spellcasting
  1219 | D:2      | Reached skill level 1 in Evocations
  1527 | D:3      | Reached XP level 4. HP: 48/48 MP: 5/5
  1537 | D:3      | HP: 10/48 [orc wizard (18)]
  1542 | D:3      | HP: 11/72 [orc wizard (6)]
  1545 | D:3      | Mangled by an orc wizard

Vanquished Creatures
  An orc priest (D:3)
  An adder (D:2)
  A dart slug (D:1)
  An orc (D:3)
  8 ball pythons
  4 endoplasms
  2 giant cockroaches
  A goblin (D:2)
  7 hobgoblins
  A quokka (D:1)
  4 bats
  5 frilled lizards
  5 kobolds
  4 rats (D:1)
45 creatures vanquished.

Table legend:
 A = Non-vault XP
 B = Vault XP
 C = Vault XP percentage of total XP
 D = Non-vault monster count
 E = Vault monster count
 F = Vault count percentage of total count
                 A         B        C        D         E       F
            +---------+---------+-------+---------+---------+-------
      Total |     124 |       0 |   0.0 |      45 |       0 |   0.0
            +---------+---------+-------+---------+---------+-------
        D:1 |      42 |       0 |   0.0 |      28 |       0 |   0.0
        D:2 |      37 |       0 |   0.0 |      14 |       0 |   0.0
        D:3 |      45 |       0 |   0.0 |       3 |       0 |   0.0
            +---------+---------+-------+---------+---------+-------

Illustrated notes

Table legend:
 A = Kills in this place as a percentage of kills in entire the game.
 B = Kills by you in this place as a percentage of kills by you in the entire game.
 C = Kills by friends in this place as a percentage of kills by friends in the entire game.
 D = Other kills in this place as a percentage of other kills in the entire game.
 E = Experience gained in this place as a percentage of experience gained in the entire game.
 F = Experience gained in this place divided by the number of levels of this place that you have seen.
                   A       B       C       D       E      F
               +-------+-------+-------+-------+-------+----------------------
         Total | 100.0 | 100.0 |   N/A |   N/A | 100.0 |  41.3
       Dungeon | 100.0 | 100.0 |   N/A |   N/A | 100.0 |  41.3
               +-------+-------+-------+-------+-------+----------------------

Table legend: (Time is in decaauts)
 A = Elapsed time spent in this place.
 B = Non-inter-level travel time spent in this place.
 C = Inter-level travel time spent in this place.
 D = Time resting spent in this place.
 E = Time spent auto-exploring this place.
 F = Levels seen in this place.
 G = Mean time per level.
                   A        B        C        D        E       F      G
               +--------+--------+--------+--------+--------+-----+--------+
         Total |   1541 |   1500 |     41 |      0 |   1202 |   3 |  513.7 |
       Dungeon |   1541 |   1500 |     41 |      0 |   1202 |   3 |  513.7 |
               +--------+--------+--------+--------+--------+-----+--------+

Top non-repeatable levels by time:
     D:1: 874 daAuts
     D:2: 579 daAuts
     D:3: 86 daAuts
